 Dungeon Crawl Stone Soup version 0.17-a0-2069-g0f4ee5b (webtiles) character file.

861 pk666 the Fighter (level 7, -5/103 HPs)
             Began as a Minotaur Fighter on Oct 13, 2015.
             Slain by Prince Ribbit (9 damage)
             ... on level 6 of the Dungeon.
             The game lasted 00:11:24 (4655 turns).

pk666 the Fighter (Minotaur Fighter)                Turns: 4655, Time: 00:11:25

Health: -5/103     AC: 23    Str: 21    XL:     7   Next: 71%
Magic:  15/15      EV:  2    Int:  5    God:
Gold:   406        SH:  9    Dex: 11    Spells: 0 memorised, 6 levels left

rFire  . . .     SeeInvis .     a - +0 war axe
rCold  . . .     Clarity  .     (armour currently unavailable)
rNeg   + + +     SustAt   .     c - +0 shield
rPois  +         Gourm    .     (helmet currently unavailable)
rElec  .         Spirit   .     (cloak currently unavailable)
rCorr  .         Warding  .     (gloves currently unavailable)
rMut   .         NoTele   +     (boots currently unavailable)
MR     .....                    (no amulet)
Stlth  +.........               y - ring of invisibility
                                p - ring of magical power

@: tree-form, drained, not resistant to hostile enchantments, very unstealthy
A: (retaliatory headbutt), (horns 0)
a: Evoke Invisibility


You were on level 6 of the Dungeon.
You were hungry.
You were a tree.
You visited 1 branch of the dungeon, and saw 6 of its levels.

You collected 406 gold pieces.

Inventory:

Hand Weapons
 a - a +0 war axe (weapon)
Armour
 b - a +0 scale mail (melded)
 c - a +0 shield (worn)
 n - a +0 cloak (melded)
 z - a +0 hat (melded)
 B - a +0 cloak
Jewellery
 p - a ring of magical power (left branch)
 y - a ring of invisibility (right branch)
Wands
 u - a wand of lightning (7)
 A - a wand of random effects (19)
Scrolls
 h - a scroll of blinking {unknown}
 i - 3 scrolls of teleportation {unknown}
 j - 2 scrolls of recharging {unknown}
 k - 2 scrolls of enchant weapon {unknown}
 m - 7 scrolls of identify {unknown}
 o - a scroll of fog {unknown}
 r - a scroll of enchant armour {unknown}
 t - 2 scrolls of magic mapping {unknown}
 v - a scroll of fear {unknown}
 w - a scroll of immolation {unknown}
Potions
 d - a potion of might
 e - 3 potions of lignification
 f - 2 potions of degeneration {unknown}
 q - 2 potions of haste {unknown}
 C - a potion of resistance {unknown}
Books
 D - a book of Geomancy

   Spells                             Type                      Level
   a - Sandblast                      Earth                        1
   b - Stoneskin                      Transmutation/Earth          2
   c - Passwall                       Transmutation/Earth          3
   d - Stone Arrow                    Conjuration/Earth            3
   e - Petrify                        Transmutation/Earth          4
   f - Lee's Rapid Deconstruction     Earth                        5
Comestibles
 g - 3 meat rations
 l - 2 beef jerkies
 s - 2 slices of pizza
 x - 5 bread rations


   Skills:
 + Level 8.4(8.2) Fighting
 + Level 7.6(7.5) Axes
 - Level 3.6(3.4) Armour
 - Level 3.6(3.4) Shields


You had 6 spell levels left.
You didn't know any spells.

Dungeon Overview and Level Annotations

Branches:
Dungeon (6/15)             Temple (0/1) D:6

Altars:
Dithmenos
Fedhas

Annotations:
D:6 Prince Ribbit


Innate Abilities, Weirdness & Mutations

((You reflexively headbutt those who attack you in melee.))
((You have a pair of horns on your head.))


Message History

Deactivating autopickup; reactivate with Ctrl-A.
You miss something. Something hits you but does no damage.
You slash something! Something completely misses you.
You miss something.
You are feeling hungry.
Something hits you.
* * * LOW HITPOINT WARNING * * *
You slash something!
Reactivating autopickup.
You feel a bit more experienced. Prince Ribbit completely misses you.
You hit Prince Ribbit.
Prince Ribbit is moderately wounded.
Prince Ribbit hits you!
* * * LOW HITPOINT WARNING * * *
Drink which item? (? for menu, Esc to quit)
It was a potion of lignification.
You turn into a tree.
Your +0 cloak melds into your body.
Your +0 hat melds into your body.
Your +0 scale mail melds into your body.
Your roots penetrate the ground.
Prince Ribbit hits you!
You die...

...................
#####................
..)..>...............
.....................
####...#############
#...# #...#
##########...#
#........♣)..#
#.########F..#
#..........#
......#|##.##.##
#.......#.......
#.#..##.........
#.......#$.⌠...⌠
#....##.#....... #.##
#...o..>..


You could see Prince Ribbit.

Vanquished Creatures
  An ice beast (D:5)
  An orc warrior (D:5)
  An ogre (D:5)
  A giant frog zombie (D:5)
  A crimson imp (D:5)
  Crazy Yiuf (D:3)
  A hound (D:5)
  3 orc wizards (D:6)
  A giant frog skeleton (D:5)
  A worker ant (D:4)
  2 centaur skeletons
  10 gnolls
  8 adders
  2 oozes
  A worm (D:3)
  10 giant geckos
  15 orcs
  A ball python (D:3)
  8 bats
  5 giant cockroaches
  4 goblins
  6 hobgoblins
  17 jackals
  2 quokkas
  6 giant newts
  10 kobolds
  A quokka skeleton (D:5)
  8 rats
128 creatures vanquished.

Notes
Turn   | Place    | Note
--------------------------------------------------------------
     0 | D:1      | pk666 the Minotaur Fighter began the quest for the Orb.
     0 | D:1      | Reached XP level 1. HP: 19/19 MP: 0/0
    79 | D:1      | Reached XP level 2. HP: 24/27 MP: 1/1
    98 | D:1      | Reached skill level 4 in Fighting
   699 | D:2      | Reached XP level 3. HP: 29/33 MP: 2/2
   787 | D:2      | Found a shadowy altar of Dithmenos.
   970 | D:2      | Reached XP level 4. HP: 33/41 MP: 3/3
  1337 | D:3      | Reached skill level 5 in Fighting
  1740 | D:3      | Found a blossoming altar of Fedhas.
  1783 | D:3      | Reached XP level 5. HP: 48/48 MP: 4/4
  2073 | D:3      | Reached skill level 5 in Axes
  2183 | D:3      | Noticed Crazy Yiuf
  2190 | D:3      | Killed Crazy Yiuf
  2190 | D:3      | Reached skill level 6 in Fighting
  2776 | D:4      | Reached XP level 6. HP: 48/58 MP: 5/5
  3195 | D:5      | Entered Level 5 of the Dungeon
  3780 | D:5      | Reached skill level 7 in Fighting
  3815 | D:5      | Reached XP level 7. HP: 8/66 MP: 6/6
  3815 | D:5      | HP: 3/66 [gnoll/spear (5)]
  4225 | D:5      | Reached skill level 8 in Fighting
  4620 | D:6      | Found a staircase to the Ecumenical Temple.
  4635 | D:6      | Noticed Prince Ribbit
  4654 | D:6      | HP: 3/69 [Prince Ribbit (9)]
  4655 | D:6      | Slain by Prince Ribbit

Vault maps used:
D:1:      lightli_arrival_noodles, minmay_misc_feat_plants
D:2:      grunt_dithmenos_smoke
D:3:      fedhas_altar_1, uniq_crazy_yiuf_cottage
D:4:      minmay_misc_feat_tiny, minivault_27
D:5:      first_bread
D:6:      minmay_temple_entry_large_hall, uniq_prince_ribbit1

Action                   |  1- 3 |  4- 6 |  7- 9 || total
-------------------------+-------+-------+-------++-------
Melee: War axe           |    75 |   186 |    72 ||   333
  Use: Potion            |       |       |     1 ||     1
  Eat: Chunk             |       |    10 |     2 ||    12
